 Dungeon Crawl Stone Soup version 0.32-a0-22-g6ae6769602 (webtiles) character file.

Game seed: 16383829053042153150

120 MacCMillion the Chopper (level 5, -4/38 (41) HPs)
             Began as a Formicid Fighter on Jan 18, 2024.
             Killed from afar by Blork the orc (11 damage)
             ... with a magic dart
             ... on level 4 of the Dungeon.
             The game lasted 00:03:15 (2135 turns).

MacCMillion the Chopper (Formicid Fighter)          Turns: 2135, Time: 00:03:16

HP:   -4/38 (41)    AC:  6    Str: 23    XL:     5   Next: 25%
MP:   5/5           EV:  9    Int:  7    God:
Gold: 120           SH:  5    Dex: 13    Spells: 4/4 levels left

rFire   . . .        a - +0 war axe
rCold   . . .        c - +0 buckler
rNeg    . . .        b - +0 scale mail
rPois   .            (helmet unavailable)
rElec   .            (no cloak)
rCorr   .            (no gloves)
SInv    +            (no boots)
Will    .....        (no amulet) Stlth
                     (no ring)
HPRegen 0.26/turn    (no ring)
MPRegen 0.09/turn

%: no passive effects
@: drained
A: permanent stasis, dig shafts and tunnels, antennae 3, four strong arms
a: Dig, Shaft Self


You were on level 4 of the Dungeon.
You visited 1 branch of the dungeon, and saw 4 of its levels.

You collected 120 gold pieces.

Inventory:

Hand Weapons
 a - a +0 war axe (weapon)
Missiles
 j - 3 poisoned darts
Armour
 b - a +0 scale mail (worn)
 c - a +0 buckler (worn)
Scrolls
 e - 4 scrolls of enchant armour {unknown}
 f - 3 scrolls of teleportation {unknown}
 h - 2 scrolls of identify {unknown}
 m - 2 scrolls of immolation {unknown}
 n - a scroll of fear {unknown}
Potions
 d - a potion of might
 g - 2 potions of curing {unknown}
 i - a potion of enlightenment {unknown}
 k - a potion of heal wounds {unknown}
 l - a potion of attraction {unknown}
 o - a potion of cancellation {unknown}


   Skills:
 - Level 3.2 Fighting
 + Level 5.0 Axes
 - Level 3.2 Armour
 - Level 4.0 Shields


You had 4 spell levels left.
You didn't know any spells.
Your spell library contained the following spells:

 Spells                   Type           Power      Damage    Failure   Level
 Scorch                   Fire           0%         2d5       91%         2
 Flame Wave               Conj/Fire      0%         2d4       100%        4
 Summon Cactus Giant      Summ           0%         N/A       100%        6


Dungeon Overview and Level Annotations

Branches:
Dungeon (4/15)
 Temple: D:4-7

Altars:
Ashenzari

Annotations:
D:4 Blork the orc


Innate Abilities, Weirdness & Mutations

You cannot be hasted, slowed, berserked, paralysed or teleported.
You can dig through walls and to a lower floor.
You have a pair of large antennae on your head. (SInv)
Your four strong arms can wield two-handed weapons with a shield.


Message History

Done exploring.
Done exploring.
Done exploring.
Done exploring.
There is an escape hatch in the floor here.
There is an open door here.
There is a stone staircase leading up here.
There is a stone staircase leading down here.
You climb downwards.
You sense a monster nearby.
There is a stone staircase leading up here.
Blork the orc comes into view.
He is wielding a +0 flail.
You barely miss Blork the orc.
A hound comes into view.
Blork the orc hits you but does no damage.
The hound barks!
You slash Blork the orc!
Blork the orc is moderately wounded.
Blork the orc casts a spell at you. The magic dart hits you!
You hit Blork the orc.
Blork the orc is moderately wounded.
An adder comes into view.
Blork the orc hits you with a +0 flail.
You completely miss Blork the orc.
Blork the orc is moderately wounded.
Blork the orc hits you with a +0 flail!
Blork the orc miscasts a cantrip.
You slash Blork the orc!
Blork the orc is severely wounded.
You block the hound's attack.
Blork the orc points at you and mumbles some strange words.
The puff of flame hits you!
* * * LOW HITPOINT WARNING * * *
You hit Blork the orc but do no damage.
Blork the orc is severely wounded.
You closely miss the hound.
The hound bites you but does no damage. x2
Blork the orc gestures at you while chanting.
The magic dart hits you!
You die...

...# { ... #..
##..####
##......###
##.........###
##............#..
.......@.........
......o#h<.......
#......#..S......
.................
.................
.................
...#.............
...#.............
..............


You could see Blork the orc, a hound and an adder.

Vanquished Creatures
  3 adders (D:2)
  5 dart slugs
  2 ribbon worms
  10 ball pythons
  10 bats
  9 endoplasms
  3 giant cockroaches
  3 goblins
  3 hobgoblins
  A jackal (D:2)
  10 kobolds
  5 quokkas
  8 frilled lizards
  4 rats
76 creatures vanquished.

Notes
Turn   | Place    | Note
-------+----------+-------------------------------------------
     0 | D:1      | MacCMillion the Formicid Fighter began the quest for the
                  | Orb.
     0 | D:1      | Reached XP level 1. HP: 18/18 MP: 1/1
   103 | D:1      | Reached XP level 2. HP: 24/24 MP: 2/2
   158 | D:1      | Reached skill level 3 in Axes
   235 | D:1      | Reached XP level 3. HP: 28/29 MP: 3/3
   710 | D:2      | Reached skill level 4 in Axes
   710 | D:2      | Reached XP level 4. HP: 35/35 MP: 4/4
   987 | D:2      | Reached XP level 5. HP: 35/41 MP: 5/5
  1026 | D:2      | Found a broken altar of Ashenzari.
  1561 | D:3      | Reached skill level 5 in Axes
  2129 | D:4      | Noticed Blork the orc
  2135 | D:4      | Killed from afar by Blork the orc

Illustrated notes

Levels and vault maps discovered:
D:1:      mainiacjoe_arrival_oval_in_oval, layout_rooms, serial_rivers,
          chequers_serial_rivers_marsh, chequers_serial_rivers_micro_a,
          chequers_serial_rivers_small_a, chequers_serial_rivers_micro_d,
          minmay_misc_feat_diagonals
D:2:      minmay_recursive_quarters, layout_basic, basic_altar,
          kennysheep_path_1
D:3:      layout_loops_corners, serial_bayou, serial_bayou_shore_b,
          serial_bayou_pond_d, serial_bayou_pond_a, serial_bayou_pond_a,
          serial_bayou_pond_e
D:4:      layout_cave_pools, minmay_temple_entry_wispy, uniq_blork_the_orc

Skill      XL: |  1  2  3  4  5 |
---------------+----------------+-----
Axes           | 3 4 5 |  5.0
Fighting       | |  3.2
Armour         | |  3.2
Shields        | |  4.0

Action                     |  1- 3 |  4- 6 || total
---------------------------+-------+-------++-------
  Melee: War axe           |   103 |   112 ||   215
 Armour: Scale mail        |    55 |    82 ||   137
  Dodge: Dodged            |    48 |    37 ||    85
  Block: Buckler           |    35 |    34 ||    69

Table legend: (Time is in decaauts)
 A = Elapsed time spent in this place.
 B = Non-inter-level travel time spent in this place.
 C = Inter-level travel time spent in this place.
 D = Time resting spent in this place.
 E = Time spent auto-exploring this place.
 F = Levels seen in this place.
 G = Mean time per level.
                   A        B        C        D        E       F      G
               +--------+--------+--------+--------+--------+-----+--------+
         Total |   2216 |   2124 |     92 |      8 |   1578 |   4 |  554.0 |
       Dungeon |   2216 |   2124 |     92 |      8 |   1578 |   4 |  554.0 |
               +--------+--------+--------+--------+--------+-----+--------+

Top non-repeatable levels by time:
     D:3: 856 daAuts
     D:2: 781 daAuts
     D:1: 569 daAuts
     D:4: 9 daAuts
